Map: Orbital Shipyard

Players

LilDicky

  • Race: Terran Terran
  • League: Diamond

Joestar - Winner!

  • Race: Terran Terran
  • League: Diamond

VOD

http://www.twitch.tv/tumescentpie

Description

Time

  • Played on: Dec. 24, 2015, 9:58 p.m.
  • Length: 7:11
Show
View Real Time Build Order
Export as new Build Order

LilDicky Terran 

Build Orders: 1/1/1, Liberator Opening 

Get SALT Encoding   

  12  0:02  SCV  
  13  0:14  SCV  
  13  0:19  Supply Depot  
  14  0:26  SCV  
  15  0:37  Refinery  
  15  0:41  SCV  
  16  0:45  Barracks  
  16  0:53  SCV  
  17  1:05  SCV  
  18  1:17  SCV  
  19  1:21  Refinery  
  19  1:32  Marine  
  20  1:33  Supply Depot, Orbital Command  
  20  1:42  Factory  
  20  1:50  Marine  
  21  2:03  SCV, Supply Depot  
  21  2:07  Marine  
  23  2:15  SCV  
  24  2:25  Starport  
  24  2:26  Factory Tech Lab  
  24  2:30  Marine  
  24  2:32  SCV  
  26  2:43  Supply Depot  
  26  2:44  SCV  
  27  2:46  Liberator  
  27  2:47  Siege Tank  
  30  2:56  Marine  
  34  3:10  Engineering Bay  
  34  3:12  SCV  
  35  3:13  Marine  
  36  3:27  Siege Tank  
  36  3:30  SCV  
  36  3:31  Marine  
  36  3:33  Supply Depot  
  41  3:38  Missile Turret  
  41  3:47  Viking  
  44  3:48  SCV  
  44  3:51  Marine  
  45  4:00  Supply Depot  
  45  4:08  SCV  
  45  4:09  Marine  
  47  4:12  Siege Tank  
  50  4:19  Missile Turret  
  50  4:21  SCV  
  50  4:23  Supply Depot  
  51  4:27  Marine  
  52  4:37  Viking  
  54  4:44  Marine  
  55  5:01  Supply Depot  
  55  5:02  Marine  
  55  5:03  SCV  
  24  6:08  Orbital Command  
  21  6:17  Missile Turret  
  21  6:21  Starport Tech Lab  
  19  6:55  Missile Turret  
  19  6:56  Missile Turret  
  22  7:04  Refinery  
Show
View Real Time Build Order
Export as new Build Order

Joestar Terran - Winner!

Build Orders: MMM Bio 

Get SALT Encoding   

  12  0:01  SCV  
  13  0:13  SCV  
  14  0:18  Supply Depot  
  14  0:25  SCV  
  15  0:30  Refinery  
  15  0:40  SCV  
  16  0:46  Barracks  
  16  0:53  SCV  
  17  1:03  Barracks  
  17  1:07  SCV  
  18  1:16  Refinery  
  18  1:19  SCV  
  19  1:33  Barracks Tech Lab  
  19  1:35  Orbital Command  
  19  1:45  Supply Depot  
  19  1:51  Barracks Reactor  
  19  1:57  Stimpack  
  19  2:06  Marauder  
  21  2:10  SCV  
  22  2:24  SCV, Factory  
  23  2:30  Marine  
  23  2:31  Marine  
  23  2:34  Marine  
  26  2:43  Supply Depot  
  26  2:45  SCV  
  26  2:50  Marine x2  
  29  2:53  Marine  
  30  2:59  SCV  
  31  3:09  Starport  
  31  3:10  Factory Reactor  
  31  3:18  Engineering Bay  
  31  3:21  Marine x2  
  34  3:28  Marauder  
  35  3:44  Supply Depot  
  35  3:56  Missile Turret  
  35  3:57  Combat Shields  
  35  3:58  Medivac x2  
  39  4:07  Missile Turret  
  39  4:17  Missile Turret  
  39  4:20  Missile Turret, Marine  
  39  4:21  Marine x2  
  42  4:29  Terran Infantry Armor Level 1  
  42  4:36  Widow Mine  
  44  4:51  Marauder, Marine  
  47  5:08  Supply Depot  
  47  5:15  Marine  
  47  5:29  Viking, Medivac, Marine  
  29  5:59  Missile Turret  
Tags
 
Add a new tag
Caveats
  • Supply blocks, unpowered buildings, or Contaminate may cause inaccurate times.
  • Supply counts are checked every 10 seconds.